 Dungeon Crawl Stone Soup version 0.29.1-2-gbd0b4ee654 (webtiles) character file.

Game seed: 12866735924222132910

764 qeuew the Shooter (level 7, 0/36 HPs)
             Began as a Spriggan Hunter on Nov 3, 2022.
             Was an Initiate of Dithmenos.
             Slain by an orc
             ... wielding a +0 short sword
              (5 damage)
             ... on level 5 of the Dungeon.
             The game lasted 00:12:19 (6198 turns).

qeuew the Shooter (Spriggan Hunter)                 Turns: 6198, Time: 00:12:19

Health: 0/36       AC:  4    Str:  7    XL:     7   Next: 51%
Magic:  8/8        EV: 20    Int: 10    God:    Dithmenos [......]
Gold:   58         SH:  0    Dex: 21    Spells: 6/6 levels left

rFire   + . .      SeeInvis +   a - +1 shortbow (vorpal)
rCold   + + .      Faith    .   (shield currently unavailable)
rNeg    . . .      Spirit   .   j - +1 robe of Mazutuk {rF+ rC+}
rPois   .          Reflect  .   (helmet restricted)
rElec   .          Harm     .   d - +0 cloak of Lugonu's Displeasure {Rampage rC+}
rCorr   .          Rampage  +   (gloves unavailable)
Will    +....                   (boots unavailable)
Stlth   +++.......              (no amulet)
HPRegen 0.12/turn               (no ring)
MPRegen 0.11/turn               (no ring)

@: lethally poisoned (0 -> -9), very quick
A: very small, no large weapons, unfitting armour, see invisible, speed 3
a: Renounce Religion


You were on level 5 of the Dungeon.
You worshipped Dithmenos.
Dithmenos was noncommittal.
You visited 2 branches of the dungeon, and saw 6 of its levels.

You collected 200 gold pieces.
You spent 142 gold pieces at shops.

Inventory:

Hand Weapons
 a - a +1 vorpal shortbow (weapon)
 h - a +2 dagger of speed
Armour
 d - the +0 cloak of Lugonu's Displeasure (worn) {Rampage rC+}
   (You acquired it on level 1 of the Dungeon)

   rC:        It protects you from cold.
   Rampage:   It bestows one free step when moving towards enemies.
 j - the +1 robe of Mazutuk (worn) {rF+ rC+}
   (You bought it in a shop on level 4 of the Dungeon)

   rF:        It protects you from fire.
   rC:        It protects you from cold.
Jewellery
 l - the ring "Seatt" {rElec rPois rCorr Dex-4}
   (You found it on level 5 of the Dungeon)

   [ring of resist corrosion]

   Dex:       It affects your dexterity (-4).
   rElec:     It insulates you from electricity.
   rPois:     It protects you from poison.
   rCorr:     It protects you from acid and corrosion.
Wands
 e - a wand of flame (23)
Scrolls
 c - a scroll of identify
 g - a scroll of teleportation
 i - 2 scrolls of magic mapping
Potions
 k - a potion of resistance


   Skills:
 + Level 3.1 Fighting
 + Level 3.3 Short Blades
 * Level 6.4 Ranged Weapons
 + Level 5.0 Dodging
 + Level 5.4 Stealth


You had 6 spell levels left.
You didn't know any spells.
Your spell library contained the following spells:

 Spells                   Type           Power      Damage    Failure   Level
 Apportation              Tloc           0%         N/A       36%         1
 Necrotise                Necr           0%         1d4       36%         1
 Summon Small Mammal      Summ           0%         N/A       36%         1
 Inner Flame              Hex/Fire       0%         N/A       75%         3
 Cause Fear               Hex            0%         N/A       98%         4
 Discord                  Hex            0%         N/A       100%        8


Dungeon Overview and Level Annotations

Branches:
Dungeon (5/15)             Temple (1/1) D:5

Altars:
Ashenzari
Cheibriados
Dithmenos
Elyvilon
Fedhas
Gozag
Hepliaklqana
Kikubaaqudgha
Nemelex Xobeh
Okawaru
Qazlal
Ru
Sif Muna
Trog
Uskayaw
Wu Jian
Zin

Shops:
D:2 :   D:3 ?   D:4 [*[[

Annotations:
D:5 3 runed translucent doors, Dowan; Duvessa; zeram's ghost, novice SpFi


Innate Abilities, Weirdness & Mutations

You are very small and have problems with some larger weapons.
You are too small for most types of armour.
You have supernaturally acute eyesight. (SInv)
You cover ground extremely quickly. (Speed+++)


Message History

The orc wizard is almost dead.
You shoot an arrow. The arrow hits the orc wizard.
You kill the orc wizard!
Dithmenos accepts your kill.
Your Dodging skill increases to level 5!
You shoot an arrow. The arrow completely misses the orc.
The orc wizard hits you with a +2 dagger of venom.
You are poisoned.
The orc closely misses you. x2
The orc wizard gestures at you while chanting.
The magic dart hits you.
You shoot an arrow. The arrow hits the orc!
You kill the orc!
Dithmenos accepts your kill.
You feel very sick.
The orc wizard gestures at you while chanting.
The magic dart hits you!
You shoot an arrow.
The arrow closely misses the orc wizard.
You feel sick.
The orc wizard hits you with a +2 dagger of venom.
You are lethally poisoned!
The orc misses you.
You are too injured to fight recklessly!
You are too injured to fight recklessly!
You are too injured to fight recklessly!
It was a potion of haste.
You feel yourself speed up.
* * * LOW HITPOINT WARNING * * *
You feel very sick.
The orc wizard mumbles some strange words.
The orc wizard flickers and vanishes for a moment.
The orc hits you with a +0 short sword.
* * * LOW HITPOINT WARNING * * *
It was a potion of cancellation.
Your magical effects are unravelling.
You feel magically purged.
You feel yourself slow down.
* * * LOW HITPOINT WARNING * * *
You feel sick. The orc hits you with a +0 short sword.
You die...

######## #....... #.######
######### #.# ........ooo#
###.#####
#...######@#######.......##
#...#...........#..#.###.##
#...#.####.####.###........
### #...#.#.....).#.#
#.####... ..#
#...#.#.##.##.#.###.# #.)#
#.# #.#...#.#.#...#.#.#...#
##.. ..#
#..........._.......### ###
.## #####.#.#.#...#.#.### #
.# #.#.#.##.##.#.# ##


You could see an orc wizard (invisible) and 2 orcs.

Vanquished Creatures
  Edmund (D:5)
  An ogre (D:5)
  A necrophage (D:4)
  A howler monkey (D:4)
  3 hounds
  3 orc priests
  Ijyb (D:4)
  An iguana (D:5)
  2 orc wizards (D:5)
  9 adders
  A shadow imp (D:5)
  2 ufetubi
  3 dart slugs
  9 orcs
  6 ball pythons
  6 endoplasms
  4 giant cockroaches
  9 goblins
  4 hobgoblins
  4 jackals (D:4)
  2 kobolds
  5 quokkas
  5 bats
  4 frilled lizards
  4 rats
91 creatures vanquished.

Vanquished Creatures (others)
  A fungus (D:1)
  6 plants (D:4)
7 creatures vanquished.

Grand Total: 98 creatures vanquished

Notes
Turn   | Place    | Note
-------+----------+-------------------------------------------
     0 | D:1      | qeuew the Spriggan Hunter began the quest for the Orb.
     0 | D:1      | Reached XP level 1. HP: 10/10 MP: 2/2
   304 | D:1      | Reached XP level 2. HP: 14/14 MP: 3/3
   490 | D:1      | Found a faded altar of an unknown god.
  1089 | D:1      | Identified a scroll of acquirement
  1089 | D:1      | Acquired the +0 cloak of Lugonu's Displeasure {Rampage rC+}
  1128 | D:2      | Found Umittel's Book Shop.
  1612 | D:2      | Reached XP level 3. HP: 18/18 MP: 4/4
  2546 | D:3      | Found Muenouh's Magic Scroll Emporium.
  2618 | D:3      | Reached skill level 1 in Short Blades
  2618 | D:3      | Reached XP level 4. HP: 23/23 MP: 5/5
  2956 | D:3      | Reached skill level 5 in Ranged Weapons
  3031 | D:3      | Found an iron altar of Okawaru.
  3630 | D:4      | Reached XP level 5. HP: 26/26 MP: 6/6
  3887 | D:4      | Found Muxtosh's Antique Armour Emporium.
  3887 | D:4      | Noticed Ijyb
  3889 | D:4      | Killed Ijyb
  3890 | D:4      | Reached XP level 6. HP: 32/32 MP: 7/7
  4027 | D:4      | Found Raiwkaos's Antique Armour Shop.
  4036 | D:4      | Bought a steaming robe for 142 gold pieces
  4036 | D:4      | Identified the +1 robe of Mazutuk {rF+ rC+} (You bought it
                  | in a shop on level 4 of the Dungeon)
  4156 | D:4      | Identified the +0 buckler "Oblon" {Rampage rElec Regen+
                  | Int+3}
  4369 | D:4      | Found Sinem's Antique Armour Boutique.
  4518 | D:4      | Found Rurhoepi's Assorted Antiques.
  4607 | D:5      | Entered Level 5 of the Dungeon
  4622 | D:5      | Found a runed translucent gate.
  4622 | D:5      | Found a runed translucent gate.
  4624 | D:5      | Found a runed translucent gate.
  4625 | D:5      | Found an opulent altar of Gozag.
  4626 | D:5      | Noticed a two-headed ogre
  4627 | D:5      | Noticed zeram's ghost (novice SpFi)
  4862 | D:5      | Found a staircase to the Ecumenical Temple.
  4930 | D:5      | Noticed Duvessa
  4932 | D:5      | Noticed Dowan
  5184 | Temple   | Entered the Ecumenical Temple
  5222 | Temple   | Became a worshipper of Dithmenos the Shadowed
  5379 | D:5      | Reached skill level 6 in Ranged Weapons
  5379 | D:5      | Reached XP level 7. HP: 9/35 MP: 8/8
  5391 | D:5      | Reached skill level 5 in Stealth
  5671 | D:5      | Found a stormy altar of Qazlal.
  5671 | D:5      | Found a hazy altar of Hepliaklqana.
  5823 | D:5      | Identified the ring "Seatt" {rElec rPois rCorr Dex-4}
  5864 | D:5      | Noticed Edmund
  5877 | D:5      | Killed Edmund
  6156 | D:5      | Found a sacrificial altar of Ru.
  6194 | D:5      | Reached skill level 5 in Dodging
  6198 | D:5      | Slain by an orc

Illustrated notes

Levels and vault maps discovered:
D:1:      nicolae_arrival_washed_ashore, layout_basic,
          shapermc_ecumenical_altar_totnotflames, dreamdust_mushroom_princess
D:2:      layout_basic, serial_shops, shop_statue, minmay_misc_feat_square,
          serial_park_tiny_pond
D:3:      layout_loops_corners, okawaru_trees_2, serial_shops, shop
D:4:      kennysheep_spiral_hall, layout_basic, serial_forest,
          infiniplex_forest_lined_room_, infiniplex_forest_end_2,
          infiniplex_forest_3_way, infiniplex_forest_clump_cross,
          infiniplex_forest_straight_4, serial_shops, shop,
          nicolae_shop_crystal, nicolae_square_shop,
          nicolae_shop_overgrown_old_shop, uniq_ijyb
D:5:      layout_loops_corners, nicolae_ru_sacrificial_ziggurat,
          gammafunk_temple_overflow_elements, minmay_temple_entry_poolview,
          ebering_ghost_gozag, uniq_edmund, uniq_duvessa
Temple:   compressed_dpeg_circular_temple

Skill      XL: |  1  2  3  4  5  6  7 |
---------------+----------------------+-----
Stealth        | 2 3 4 5 |  5.4
Dodging        | 3 4 5 |  5.0
Short Blades   | 1 2 3 |  3.3
Fighting       | 2 3 |  3.1
Ranged Weapons | 5 6 |  6.4

Action                   |  1- 3 |  4- 6 |  7- 9 || total
-------------------------+-------+-------+-------++-------
Melee: Dagger            |       |    26 |     4 ||    30
       Punch             |       |     1 |       ||     1
 Fire: Shortbow          |    90 |   116 |    25 ||   231
  Use: Potion            |     4 |     3 |     3 ||    10
       Scroll            |     7 |     8 |       ||    15
 Stab: Sleeping          |       |     1 |       ||     1
Armor: Robe              |     4 |     7 |       ||    11
Dodge: Dodged            |    19 |    51 |    10 ||    80
